 Dungeon Crawl Stone Soup version 0.30-b1-2-g02819fbbbe (webtiles) character file.

Game seed: 15142386474825971886

6584 MirrMurr the Skirmisher (level 10, -1/43 (46) HPs)
             Began as a Spriggan Hunter on May 21, 2023.
             Was a High Priest of Okawaru.
             Slain by a wight
             ... wielding a +3 great sword of freezing
              (14 damage)
             ... on level 9 of the Dungeon.
             The game lasted 00:22:00 (10562 turns).

MirrMurr the Skirmisher (Spriggan Hunter)          Turns: 10562, Time: 00:22:00

HP:   -1/43 (46)    AC:  3    Str:  9    XL:     10   Next: 71%
MP:   17/17         EV: 25    Int: 18    God:    Okawaru [*****.]
Gold: 300           SH:  0    Dex: 20    Spells: 7/9 levels left

rFire   . . .        a - +4 shortbow (elec)
rCold   + . .        (shield currently unavailable)
rNeg    . . .        c - +1 robe
rPois   .            (helmet restricted)
rElec   .            (no cloak)
rCorr   .            (gloves unavailable)
SInv    +            (boots unavailable)
Will    +....        (no amulet)
Stlth   ++           e - ring of protection from cold
HPRegen 0.27/turn    o - +6 ring of intelligence
MPRegen 0.15/turn

%: no passive effects
@: drained, very quick
A: very small, no large weapons, unfitting armour, see invisible, speed 3
a: Renounce Religion, Heroism, Finesse, Duel


You were on level 9 of the Dungeon.
You worshipped Okawaru.
Okawaru was extremely pleased with you.
You visited 2 branches of the dungeon, and saw 10 of its levels.
You also visited: Ossuary.

You collected 444 gold pieces.
You spent 144 gold pieces at shops.

Inventory:

Hand Weapons
 a - a +4 shortbow of electrocution (weapon)
 b - a +0 quick blade
 q - a +0 shortbow
 G - a +6 quarterstaff of draining
 I - a +0 trident
Missiles
 h - 80 stones
 m - 4 boomerangs
 y - 6 poisoned darts
 z - a silver boomerang
 D - a throwing net
Armour
 c - a +1 robe (worn)
Jewellery
 e - a ring of protection from cold (left hand)
 o - a +6 ring of intelligence (right hand)
 C - a ring of magical power
Wands
 g - a wand of polymorph (1)
 n - a wand of flame (46)
Scrolls
 d - 6 scrolls of teleportation
 p - 5 scrolls of immolation
 A - 2 scrolls of blinking
 F - a scroll of fog
Potions
 i - 3 potions of might
 j - 5 potions of curing
 k - 3 potions of haste
 l - 3 potions of flight
 r - 3 potions of brilliance
 s - a potion of mutation {unknown}
 t - 3 potions of attraction
 u - a potion of cancellation
 v - 2 potions of magic {unknown}
 w - a potion of lignification {unknown}
 x - a potion of resistance {unknown}
 B - a potion of experience {unknown}
 E - a potion of berserk rage {unknown}
 J - a potion of ambrosia {unknown}


   Skills:
 - Level 1.5 Fighting
 + Level 7.5 Short Blades
 - Level 10.0 Ranged Weapons
 - Level 10.0 Dodging
 - Level 1.5 Stealth
 + Level 9.2 Invocations


You had 7 spell levels left.
You knew the following spells:

 Your Spells              Type           Power      Damage    Failure   Level
P - Passwall              Tmut/Erth      0%         N/A       32%         2

Your spell library contained the following spells:

 Spells                   Type           Power      Damage    Failure   Level
 Sandblast                Erth           0%         2d4       22%         1
 Sting                    Tmut/Pois      0%         1d3       22%         1
 Ensorcelled Hibernation  Hex/Ice        0%         N/A       32%         2
 Poisonous Vapours        Pois/Air       0%         N/A       32%         2
 Portal Projectile        Hex/Tloc       0%         N/A       54%         3
 Stone Arrow              Conj/Erth      0%         3d7       54%         3
 Swiftness                Air            0%         N/A       54%         3
 Leda's Liquefaction      Hex/Erth       0%         N/A       91%         4
 Manifold Assault         Tloc           0%         N/A       91%         4
 Olgreb's Toxic Radiance  Pois           0%         N/A       91%         4
 Petrify                  Tmut/Erth      0%         N/A       91%         4
 Metabolic Englaciation   Hex/Ice        0%         N/A       99%         5
 Dispersal                Tloc           0%         N/A       100%        6
 Statue Form              Tmut/Erth      0%         N/A       100%        6
 Disjunction              Tloc           0%         N/A       100%        8
 Call Canine Familiar     Summ           Unusable   N/A       N/A         3
 Animate Dead             Necr           Unusable   N/A       N/A         4
 Haunt                    Necr/Summ      Unusable   N/A       N/A         7
 Infestation              Necr           Unusable   N/A       N/A         8

Dungeon Overview and Level Annotations

Branches:
Dungeon (9/15)             Temple (1/1) D:4            Lair (0/5) D:8
Ossuary (visited)
    Orc: D:9-12

Altars:
Ashenzari
Cheibriados
Elyvilon
Fedhas
Gozag
Hepliaklqana
Kikubaaqudgha
Makhleb
Nemelex Xobeh
Okawaru
Qazlal
Ru
Sif Muna
Trog
Uskayaw
Vehumet
Wu Jian
Xom
Yredelemnul
Zin
The Shining One

Shops:
D:1 (   D:5 [:?*   D:8 (

Annotations:
D:9 Blork the orc, Eustachio, Grum


Innate Abilities, Weirdness & Mutations

You are very small and have problems with some larger weapons.
You are too small for most types of armour.
You have supernaturally acute eyesight. (SInv)
You cover ground extremely quickly. (Speed+++)


Message History

You shoot an arrow.
The arrow closely misses the orc warrior.
A wight comes into view. It is wielding a +0 great sword.
You shoot an arrow.
The arrow closely misses the orc warrior.
You shoot an arrow.
The arrow barely misses the orc warrior.
The arrow hits the gnoll sergeant.
Lightning courses through the gnoll sergeant!!
The gnoll sergeant is severely wounded.
A wight comes into view. It is wielding a +5 hand axe.
You shoot an arrow.
The arrow closely misses the orc warrior.
The arrow hits the gnoll sergeant but does no damage.
Lightning courses through the gnoll sergeant!
You kill the gnoll sergeant!
Okawaru accepts your kill. The orc warrior barely misses you.
You climb upwards.
There is a stone staircase leading down here.
You shoot an arrow. The arrow hits the orc warrior!
Lightning courses through the orc warrior!
The orc warrior is almost dead.
You shoot an arrow. The arrow hits the orc warrior.
The orc warrior is almost dead.
You shoot an arrow.
The arrow hits the orc warrior but does no damage.
The orc warrior is almost dead.
You shoot an arrow. The arrow hits the orc warrior!
You kill the orc warrior!
Okawaru accepts your kill.
Things that are here:
a +0 great sword; a +0 chain mail; an orc corpse
There is a stone staircase leading down here.
You climb downwards.
Level annotation: Blork the orc, Eustachio, Grum The wight hits you with a +3 great sword of freezing!!
You feel drained. The wight freezes you. The wight barely misses you.
The wight hits you with a +3 great sword of freezing!
You die...

### #.### z
#.z.#...#
#@..z"..#
#......z....z.#
#.....##.......
#?.... .......
#....
......#.z..
#+###
......#5@?
......#.o.
.....##o.#
#..######


You could see 5 wights.

Vanquished Creatures
  Joseph (D:8)
  Grinder (D:5)
  A hornet (D:7)
  2 wyverns
  A wraith (D:6)
  8 yaks
  2 steam dragons (D:8)
  2 water moccasins
  3 orc warriors (D:8)
  3 sky beasts
  An ice beast (D:6)
  3 black bears
  4 wolves (D:8)
  2 centaurs
  4 phantoms
  3 bullfrogs (D:7)
  2 gnoll sergeants
  3 scorpions
  6 wights (D:8)
  2 electric eels (D:8)
  3 howler monkeys (D:7)
  6 orc priests
  5 hounds
  A gnoll bouda (D:6)
  5 iguanas
  7 orc wizards
  11 mummies (Ossuary)
  5 adders
  10 gnolls
  4 white imps
  2 worms (D:2)
  2 dart slugs (D:2)
  38 orcs
  5 endoplasms
  8 giant cockroaches
  12 goblins
  6 hobgoblins
  5 jackals (D:3)
  7 kobolds
  4 quokkas
  3 ball pythons
  4 bats
  5 frilled lizards
  A gnoll skeleton (Ossuary)
  4 goblin skeletons (Ossuary)
  A kobold skeleton (Ossuary)
  2 orc skeletons (Ossuary)
  2 rats
  11 rat skeletons (Ossuary)
233 creatures vanquished.

Vanquished Creatures (others)
  5 plants (D:2)
5 creatures vanquished.

Grand Total: 238 creatures vanquished

Notes
Turn   | Place    | Note
-------+----------+-------------------------------------------
     0 | D:1      | MirrMurr the Spriggan Hunter began the quest for the Orb.
     0 | D:1      | Reached XP level 1. HP: 10/10 MP: 2/2
    63 | D:1      | Found Mypoeleo's Antique Weapon Boutique.
    89 | D:1      | Reached XP level 2. HP: 14/14 MP: 3/3
   826 | D:2      | Reached XP level 3. HP: 14/18 MP: 4/4
  1426 | D:2      | Reached skill level 5 in Ranged Weapons
  1546 | D:3      | Reached XP level 4. HP: 22/22 MP: 5/5
  1655 | D:1      | Bought a runed shortbow for 114 gold pieces
  2056 | D:3      | Noticed a black bear
  2114 | D:3      | Killed a black bear
  2115 | D:3      | Reached XP level 5. HP: 25/25 MP: 6/6
  2190 | D:3      | Found a faded altar of an unknown god.
  2350 | D:4      | Reached skill level 5 in Dodging
  2605 | D:4      | Found a staircase to the Ecumenical Temple.
  2614 | Temple   | Entered the Ecumenical Temple
  2715 | Temple   | Became a worshipper of Warmaster Okawaru
  3081 | D:4      | Reached XP level 6. HP: 17/30 MP: 7/7
  3178 | D:4      | Reached skill level 1 in Invocations
  3273 | D:4      | Identified the +0 leather armour of Olumeu Seil {rPois rC++
                  | rN+ Int-3}
  3699 | D:5      | Entered Level 5 of the Dungeon
  3699 | D:5      | Found Kiuhyop's General Store.
  3708 | D:5      | Bought a potion of curing for 30 gold pieces
  3713 | D:5      | Reached * piety under Okawaru
  3738 | D:5      | Reached XP level 7. HP: 33/33 MP: 9/9
  3775 | D:5      | Found Emaurr's Magic Scroll Boutique.
  3804 | D:5      | Noticed Grinder
  3846 | D:5      | Killed Grinder
  3983 | D:5      | Found a burning altar of Makhleb.
  4193 | D:5      | Found Siuvack's Book Emporium.
  4341 | D:5      | Reached ** piety under Okawaru
  4424 | D:5      | Found a sand-covered staircase.
  4430 | Ossuary  | Entered an ossuary
  4602 | Ossuary  | Reached XP level 8. HP: 37/37 MP: 11/11
  5022 | D:5      | Found Zonom's Antique Armour Emporium.
  5367 | D:6      | Reached *** piety under Okawaru
  5752 | D:6      | Received a gift from Okawaru
  5777 | D:6      | Reached XP level 9. HP: 35/41 MP: 13/13
  5863 | D:6      | Reached skill level 5 in Invocations
  6025 | D:6      | Reached skill level 10 in Ranged Weapons
  6191 | D:6      | Reached **** piety under Okawaru
  6751 | D:7      | Reached skill level 1 in Short Blades
  6869 | D:7      | Learned a level 2 spell: Passwall
  6873 | D:7      | Found a glowing golden altar of the Shining One.
  6946 | D:7      | Reached skill level 10 in Dodging
  7056 | D:7      | Paralysed by a hornet for 1 turns
  8621 | D:6      | Reached XP level 10. HP: 33/46 MP: 16/16
  8683 | D:7      | Reached skill level 5 in Short Blades
  8704 | D:7      | Found a broken altar of Ashenzari.
  9072 | D:8      | Found a staircase to the Lair.
  9083 | D:8      | Noticed Joseph
  9113 | D:8      | Killed Joseph
  9113 | D:8      | Reached ***** piety under Okawaru
  9308 | D:8      | Found Posorhak's Antique Weapon Shoppe.
  9359 | D:8      | Identified the +0 ring mail of the Tired Tales {rElec
                  | Int+4}
  9623 | D:8      | Found an opulent altar of Gozag.
  9625 | D:8      | Found a hazy altar of Hepliaklqana.
 10143 | D:9      | Noticed a skeletal warrior
 10143 | D:9      | Noticed a skeletal warrior
 10143 | D:9      | Noticed a skeletal warrior
 10185 | D:9      | Noticed Grum
 10186 | D:9      | Noticed Blork the orc
 10285 | D:9      | Noticed Eustachio
 10562 | D:9      | Slain by a wight

Illustrated notes

Levels and vault maps discovered:
D:1:      minmay_arrival_stair_chambers, layout_basic, serial_shops, shop
D:2:      layout_basic, serial_bayou_lagoon_a
D:3:      layout_loops_ring, ebering_ecumenical_altar_rust, minivault_24
D:4:      layout_basic, minmay_temple_entry_purple_smoke,
          kennysheep_cluttered_room
D:5:      layout_loops_cross, mainiacjoe_overflow_24_doors, serial_shops,
          nicolae_shop_just_a_little_nook, nicolae_shop_hallway_stairs, shop,
          nicolae_shop_real_fake_doors, nicolae_ossuary_entry_plus, uniq_grinder
D:6:      cheibrodos_fzero, layout_loops_corners
D:7:      layout_loops_corners, evilmike_ruin_ashenzari,
          nicolae_overflow_crystal_walls, st_stairs_12, minmay_holes,
          grunt_decor_mini_mirrors, kennysheep_generic_room_2
D:8:      layout_basic, mainiacjoe_overflow_catch_the_wave, lair_entry_dummy,
          serial_shops, shop, uniq_joseph
D:9:      layout_gridville, kennysheep_orc_monster_closet_entryway,
          sword_in_stone, uniq_maurice, uniq_grum
Temple:   nicolae_temple_superstar

Skill      XL: |  1  2  3  4  5  6  7  8  9 10 |
---------------+-------------------------------+-----
Dodging        | 3 4 5 6 8 10 | 10.0
Ranged Weapons | 5 6 7 8 9 10 | 10.0
Invocations    | 1 3 4 7 9 |  9.2
Short Blades   | 4 7 |  7.5
Fighting       | |  1.5
Stealth        | |  1.5

Action                     |  1- 3 |  4- 6 |  7- 9 | 10-12 || total
---------------------------+-------+-------+-------+-------++-------
  Melee: Unarmed           |       |     4 |       |       ||     4
   Fire: Shortbow          |   123 |   104 |   426 |   164 ||   817
  Evoke: Wand              |       |       |       |     2 ||     2
    Use: Scroll            |       |     9 |     6 |     3 ||    18
         Potion            |       |       |     2 |     1 ||     3
   Stab: Sleeping          |       |     1 |       |       ||     1
 Armour: Robe              |     1 |     4 |    10 |     5 ||    20
  Dodge: Dodged            |    22 |    27 |   127 |    87 ||   263
